 Dungeon Crawl Stone Soup version 0.24.0-1-gfbc8707 (webtiles) character file.

Game seed: 11576556451348982625, levelgen mode: deterministic

408 snetch the Chopper (level 6, 0/84 HPs)
             Began as a Minotaur Berserker on Oct 29, 2019.
             Was a Priest of Trog.
             Slain by Natasha (2 damage)
             ... on level 3 of the Dungeon.
             The game lasted 00:05:55 (2832 turns).

snetch the Chopper (Minotaur Berserker)             Turns: 2832, Time: 00:05:56

Health: 0/84       AC:  3    Str: 29    XL:     6   Next: 57%
Magic:  5/5        EV: 12    Int:  4    God:    Trog [***...]
Gold:   175        SH:  0    Dex:  9    Spells: 5/5 levels left

rFire    . . .     SeeInvis .   a - +0 war axe
rCold    . . .     Gourm    .   (no shield)
rNeg     . . .     Faith    .   l - +0 leather armour (curse)
rPois    .         Spirit   .   (helmet restricted)
rElec    .         Reflect  .   (no cloak)
rCorr    .         Harm     .   (no gloves)
MR       .....                  (no boots)
Stlth    ..........             (no amulet)
HPRegen  0.24/turn              (no ring)
MPRegen  0.09/turn              (no ring)

@: berserking, slowed
A: retaliatory headbutt, horns 2
a: Berserk, Trog's Hand, Renounce Religion


You were on level 3 of the Dungeon.
You worshipped Trog.
Trog was most pleased with you.
You were very hungry.

You visited 1 branch of the dungeon, and saw 4 of its levels.

You collected 175 gold pieces.

Inventory:

Hand Weapons
 a - a +0 war axe (weapon)
 x - a cursed -3 trident
Missiles
 d - 88 stones (quivered)
 g - 24 poisoned darts
 w - 40 arrows
 z - 19 sling bullets
 A - 17 bolts
Armour
 l - a cursed +0 leather armour (worn)
 s - a cursed +0 chain mail
 v - a +0 ring mail
 y - a +0 chain mail
Wands
 t - a wand of acid (10)
Scrolls
 b - a scroll of amnesia {unknown}
 h - a scroll of random uselessness {unknown}
 i - 3 scrolls of teleportation {unknown}
 j - 4 scrolls of remove curse {unknown}
 k - a scroll of magic mapping {unknown}
 n - 4 scrolls of identify {unknown}
 p - a scroll of fear {unknown}
 u - a scroll of fog {unknown}
Potions
 e - a potion of ambrosia {unknown}
 f - a potion of lignification {unknown}
 m - a potion of agility {unknown}
 o - a potion of curing {unknown}
 q - a potion of might {unknown}
 r - a potion of flight {unknown}
 B - 2 potions of invisibility {unknown}
 C - a potion of heal wounds {unknown}
Comestibles
 c - 7 rations
 D - a chunk of flesh


   Skills:
 + Level 5.4 Fighting
 + Level 6.6 Axes
 + Level 3.7 Armour
 + Level 3.3 Dodging
 + Level 0.7 Stealth


You had 5 spell levels left.
You didn't know any spells.
Your spell library was empty.

Dungeon Overview and Level Annotations

Branches:
Dungeon (4/15)
 Temple: D:4-7

Altars:
Ashenzari
Kikubaaqudgha
Nemelex Xobeh
Okawaru
Trog

Annotations:
D:3 Natasha


Innate Abilities, Weirdness & Mutations

You reflexively headbutt those who attack you in melee.
You have a pair of horns on your head.


Message History

Natasha claws you.
You closely miss Natasha. Your headbutt misses Natasha.
Natasha is severely wounded.
Natasha claws you!
* * * LOW HITPOINT WARNING * * *
The shadow imp gestures at you.
You barely resist. Natasha claws you.
* * * LOW HITPOINT WARNING * * *
A red film seems to cover your vision as you go berserk!
You feel yourself moving faster!
You feel mighty!
You are feeling very hungry.
The shadow imp hits you.
* * * LOW HITPOINT WARNING * * *
Natasha claws you.
* * * LOW HITPOINT WARNING * * *
The shadow imp barely misses you.
You barely miss Natasha.
Natasha is severely wounded.
You closely miss the shadow imp. Natasha claws you.
You die...

.........#..................#.#
#.####...#................>...#
#.####...#.##...###...........#
#........#.##...###..###...#..#
......................##...#..#
............#.#..##...##...#..###
.........##.#.#..##........#..##.
...#........#.#..##...........##.
...............h@.....##.#.#.###.
............###5.##...##.#.#.###.
......#..#.......##...##.........
............###....รท.......#.###.
...##.#.....#............>.......
............####.##...####.######
....#.##....# #.##...# #.#
.##.#.#####.# #.##...####.###
.##.#######.# #.##..........#


You could see Natasha and a shadow imp.

Vanquished Creatures
  An orc warrior (D:3)
  A scorpion (D:4)
  An orc priest (D:3)
  Natasha (twice) (D:3)
  2 orc wizards (D:3)
  4 adders
  4 gnolls (D:3)
  4 leopard geckos
  3 orcs (D:3)
  4 giant cockroaches
  10 goblins
  4 hobgoblins
  5 jackals (D:2)
  A quokka (D:2)
  A ball python (D:3)
  8 bats
  2 frilled lizards (D:2)
  5 kobolds
  3 rats
65 creatures vanquished.

Notes
Turn   | Place    | Note
-------+----------+-------------------------------------------
     0 | D:1      | snetch the Minotaur Berserker began the quest for the Orb.
     0 | D:1      | Reached XP level 1. HP: 19/19 MP: 0/0
   352 | D:1      | Reached XP level 2. HP: 7/27 MP: 1/1
   357 | D:1      | Reached skill level 4 in Axes
   459 | D:2      | Reached XP level 3. HP: 11/33 MP: 2/2
   551 | D:1      | Reached ** piety under Trog
  1180 | D:3      | Noticed an orc warrior
  1191 | D:3      | Killed an orc warrior
  1191 | D:3      | Reached skill level 5 in Axes
  1191 | D:3      | Reached XP level 4. HP: 10/41 MP: 3/3
  1191 | D:3      | Reached XP level 5. HP: 12/47 MP: 4/4
  1270 | D:3      | Reached skill level 5 in Fighting
  1806 | D:3      | Found a shattered altar of Ashenzari.
  2068 | D:3      | Noticed Natasha
  2072 | D:3      | Killed Natasha
  2072 | D:3      | Reached skill level 6 in Axes
  2072 | D:3      | Reached XP level 6. HP: 56/56 MP: 5/5
  2213 | D:3      | Found a bloodstained altar of Trog.
  2414 | D:3      | Found a sparkling altar of Nemelex Xobeh.
  2419 | D:3      | Found an ancient bone altar of Kikubaaqudgha.
  2423 | D:3      | Reached *** piety under Trog
  2431 | D:3      | Found an iron altar of Okawaru.
  2787 | D:3      | Noticed Natasha
  2793 | D:3      | Killed Natasha
  2809 | D:3      | Noticed Natasha
  2831 | D:3      | HP: 2/84 [Natasha (6)]
  2832 | D:3      | Slain by Natasha

Levels and vault maps discovered:
D:1:      sevenhm_arrival_forest_fort_small_4, layout_basic, minmay_hedge_maze
D:2:      layout_loops_ring
D:3:      layout_basic, minmay_overflow_temple_star_quad, lemuel_crystal_altar,
          cheibrodos_ashenzari_chains, uniq_natasha
D:4:      layout_basic, overflow_temple_1_default, first_ration

Skill      XL: |  1  2  3  4  5 |
---------------+----------------+-----
Axes           | 4 5 6 |  6.6
Fighting       | 4 5 |  5.4
Armour         | 3 |  3.7
Dodging        | 3 |  3.3
Stealth        | |  0.7

Action                   |  1- 3 |  4- 6 || total
-------------------------+-------+-------++-------
Melee: Hand axe          |    78 |     4 ||    82
       Headbutt          |     9 |    10 ||    19
       War axe           |       |    50 ||    50
Invok: Berserk           |     1 |     2 ||     3
       Trog's Hand       |     1 |       ||     1
  Eat: Chunk             |     1 |     7 ||     8
Armor: Leather armour    |    19 |     9 ||    28
       Animal skin       |     3 |       ||     3
Dodge: Dodged            |    55 |    35 ||    90
